Construct Section Command Post
Selects Air and Sea Battlegroup
Construct Field Infirmary
Construct Platoon Command Post
Unlock M3 Stuart Light Tanks
Selects Commando Section Paradrop
Selects Commando Support Section Paradrop
Commando Support Section Paradrop
Commando Section Paradrop
Selects Centaur Medium Tank
6-pounder Anti-tank Gun Team
Construct Company Command Post
Selects Anti-tank Rocket Loiter
Commando Support Section Paradrop
6-pounder Anti-tank Gun Team